 Dungeon Crawl Stone Soup version 0.21.1-1-g345015f (webtiles) character file.

205 Monsterracer the Ruffian (level 5, -2/44 HPs)
             Began as a Minotaur Wizard on Feb 12, 2018.
             Was a Follower of Ashenzari.
             Slain by a hound (4 damage)
             ... on level 4 of the Dungeon.
             The game lasted 00:04:54 (3017 turns).

Monsterracer the Ruffian (Minotaur Wizard)          Turns: 3017, Time: 00:04:55

Health: -2/44      AC:  5    Str: 12    XL:     5   Next: 52%
Magic:  7/7        EV: 10    Int: 15    God:    Ashenzari [*.....]
Gold:   155        SH:  0    Dex:  9    Spells: 5/8 levels left

rFire    . . .     SeeInvis .     - Unarmed
rCold    . . .     Gourm    .   (no shield)
rNeg     . . .     Faith    .   k - +0 ring mail
rPois    .         Spirit   .   b - +0 hat (curse)
rElec    .         Reflect  .   (no cloak)
rCorr    +         Harm     .   (no gloves)
MR       .....                  (no boots)
Stlth    +.........             j - amulet of regeneration (curse)
HPRegen  0.54/turn              l - ring of resist corrosion {!d}
MPRegen  0.10/turn              (no ring)

@: lethally poisoned (-2 -> -2), drained
A: retaliatory headbutt, horns 2
a: Curse Item, Scrying, Renounce Religion


You were on level 4 of the Dungeon.
You worshipped Ashenzari.
Ashenzari was aware of your devotion.
You were not hungry.

You visited 1 branch of the dungeon, and saw 4 of its levels.

You collected 155 gold pieces.

Inventory:

Armour
 b - a cursed +0 hat (worn)
 i - a +0 chain mail
 k - a +0 ring mail (worn)
Jewellery
 j - a cursed amulet of regeneration (around neck)
 l - a ring of resist corrosion (left hand) {!d}
Wands
 h - a wand of digging (13)
Scrolls
 a - a scroll of teleportation
 e - a scroll of enchant weapon
Potions
 d - a potion of mutation {!q}
 g - 2 potions of agility
 m - a potion of haste
 o - a potion of curing {unknown}
 p - a potion of ambrosia {unknown}
 r - a potion of degeneration {unknown}
 t - a potion of berserk rage {unknown}
Comestibles
 c - 8 rations


   Skills:
 + Level 2.9(2.1) Fighting
 + Level 2.7(1.9) Dodging
 - Level 1.5(0.8) Stealth
 * Level 4.8(4.0) Unarmed Combat
 - Level 2.1(1.4) Spellcasting
 - Level 0.6(0.0) Conjurations
   Level 0.6(0.0) Summonings
 - Level 0.6(0.0) Translocations


You had 5 spell levels left.
You knew the following spells:

 Your Spells              Type           Power        Failure   Level  Hunger
a - Magic Dart            Conj           #...         47%         1    ##.....
e - Blink                 Tloc           N/A          63%         2    ###....


Dungeon Overview and Level Annotations

Branches:
Dungeon (4/15)
 Temple: D:4-7

Altars:
Ashenzari
Gozag
Nemelex Xobeh
Xom

Annotations:
D:2 Sigmund


Innate Abilities, Weirdness & Mutations

You reflexively headbutt those who attack you in melee.
You have a pair of horns on your head.


Message History

The worker ant is almost dead.
You feel sick. The worker ant closely misses you.
You take 2 damage, and have 11/42 hp.
You closely miss the worker ant.
The worker ant is almost dead.
You feel sick. The worker ant closely misses you.
You barely miss the worker ant.
The worker ant is almost dead.
You feel sick. The worker ant closely misses you.
You take 1 damage, and have 10/42 hp.
You barely miss the worker ant.
The worker ant is almost dead.
You feel sick.
The worker ant bites you but does no damage.
You hit the worker ant but do no damage.
The worker ant is almost dead.
You feel sick. The worker ant barely misses you. You furiously retaliate!
You headbutt the worker ant.
You take 1 damage, and have 9/42 hp.
Your ring mail prevents you from hitting the worker ant.
You kill the worker ant!
You feel sick.
You hit the orc. Your headbutt misses the orc.
The orc is severely wounded.
The orc hits you but does no damage.
You hit the orc.
The orc is almost dead.
You feel sick. The orc barely misses you. You furiously retaliate!
You headbutt the orc!
You kill the orc!
You hit the worm but do no damage.
You feel sick.
You take 1 damage, and have 8/42 hp.
You hit the worm. You headbutt the worm.
The worm is heavily wounded.
You feel sick. The worm completely misses you.
You hit the worm.
The worm is almost dead.
You hit the worm.
You kill the worm!
You feel sick.
A hound comes into view.
The hound barks!
You hear a bark!
Things that are here:
an uncursed club; an orc corpse; a worker ant corpse You feel sick.
You feel sick.
You hit the hound.
The hound is lightly wounded.
The hound bites you but does no damage. The hound barely misses you.
You hit the hound. You headbutt the hound!
The hound is almost dead.
You feel sick. The hound bites you but does no damage.
You closely miss the hound.
The hound is almost dead.
The hound barely misses you. The hound closely misses you.
You closely miss the hound.
The hound is almost dead.
The hound barely misses you.
You hit the hound. Your headbutt misses the hound.
The hound is almost dead.
You feel sick. The hound bites you.
* * * LOW HITPOINT WARNING * * *
You take 3 damage, and have 6/42 hp.
Your ring mail prevents you from hitting the hound.
The hound is almost dead.
The hound barely misses you. The hound bites you but does no damage.
You closely miss the hound.
The hound is severely wounded.
The hound bites you.
* * * LOW HITPOINT WARNING * * *
You take 1 damage, and have 6/42 hp.
You hit the hound.
You kill the hound!
You barely miss the hound.
You feel sick. The hound closely misses you.
You punch the hound! Your headbutt misses the hound.
The hound is heavily wounded.
The hound bites you.
* * * LOW HITPOINT WARNING * * *
The hound bites you.
* * * LOW HITPOINT WARNING * * *
You closely miss the hound.
The hound is heavily wounded.
The hound barely misses you.
A worker ant comes into view.
You take 4 damage, and have 3/44 hp.
Unknown command.
The worker ant twitches its antennae in your direction.
You hit the hound. Your headbutt misses the hound.
The hound is heavily wounded.
The hound bites you.
* * * LOW HITPOINT WARNING * * *
The hound barely misses you.
You take 1 damage, and have 2/44 hp.
You hit the hound.
The hound is severely wounded.
You feel sick. The hound bites you but does no damage.
You hit the hound. Your headbutt misses the hound.
The hound is severely wounded.
The hound bites you.
You die...

**,**,* *,,*,* **,*,*
******##### *,*,*
*,,,,,,...# *,,,*
*,*######.### **,,* *
*,*#.h.h...a# *,,* *
*,*#.####.#h# **>* *
*,**,#<...#@# *,* *
*,**{#.####.# *,*
******,**{#.####.# *,*
,,,,,,,**,#......# *,*
*********,########****,*
*,,,,,,,,,,,,,,*
*************,,* ******
*,,*** ,,,,,* *,,,,*


You could see a hound and a worker ant.

Vanquished Creatures
  A hound (D:4)
  A worker ant (D:4)
  5 adders
  2 oozes (D:1)
  2 adder zombies
  3 worms
  3 dart slugs
  A leopard gecko (D:2)
  2 orcs
  3 giant cockroaches
  9 goblins
  4 hobgoblins
  13 jackals
  6 quokkas
  6 bats
  2 frilled lizards
  2 kobolds (D:2)
  A leopard gecko skeleton (D:4)
  6 rats
72 creatures vanquished.

Notes
Turn   | Place    | Note
-------+----------+-------------------------------------------
     0 | D:1      | Monsterracer the Minotaur Wizard began the quest for the Orb.
     0 | D:1      | Reached XP level 1. HP: 14/14 MP: 2/2
    33 | D:1      | HP: 3/14 [ooze (5)]
    34 | D:1      | Reached skill level 1 in Unarmed Combat
   364 | D:1      | Reached XP level 2. HP: 13/20 MP: 4/4
   367 | D:1      | Reached skill level 2 in Unarmed Combat
  1027 | D:2      | Reached skill level 1 in Fighting
  1027 | D:2      | Reached XP level 3. HP: 18/28 MP: 5/5
  1097 | D:2      | Reached skill level 3 in Unarmed Combat
  1301 | D:2      | Reached XP level 4. HP: 36/36 MP: 6/6
  1528 | D:2      | Noticed Sigmund
  1558 | D:1      | HP: 18/36 [adder (1)]
  1563 | D:1      | HP: 15/36 [poisoned by an adder]
  1568 | D:1      | HP: 15/36 [poisoned by an adder]
  1573 | D:1      | HP: 16/36 [poisoned by an adder]
  1581 | D:1      | HP: 18/36 [poisoned by an adder]
  1664 | D:1      | Learned a level 2 spell: Blink
  1772 | D:2      | Reached skill level 4 in Unarmed Combat
  2315 | D:3      | Found a shimmering altar of Xom.
  2357 | D:3      | Found a faded altar of an unknown god.
  2383 | D:3      | Became a worshipper of Ashenzari the Shackled
  2383 | D:3      | Reached * piety under Ashenzari
  2680 | D:3      | Reached XP level 5. HP: 32/42 MP: 7/7
  2865 | D:3      | Found a sparkling altar of Nemelex Xobeh.
  2865 | D:3      | Found an opulent altar of Gozag.
  2984 | D:4      | HP: 21/42 [poisoned by a worker ant]
  2989 | D:4      | HP: 11/42 [poisoned by a worker ant]
  2995 | D:4      | HP: 9/42 [poisoned by a worker ant]
  3001 | D:4      | HP: 8/42 [poisoned by a worker ant]
  3008 | D:4      | HP: 8/42 [poisoned by a worker ant]
  3013 | D:4      | HP: 6/44 [hound (1)]
  3013 | D:4      | HP: 2/44 [hound (4)]
  3017 | D:4      | Slain by a hound

Skill      XL: |  1  2  3  4 |
---------------+-------------+-----
Unarmed Combat | 1 2 3 4 |  4.8
Fighting       | 1 2 |  2.9
Dodging        | |  2.7
Stealth        | |  1.5
Spellcasting   | |  2.1
Conjurations   | |  0.6
Summonings     | |  0.6
Translocations | |  0.6

Action                   |  1- 3 |  4- 6 || total
-------------------------+-------+-------++-------
Melee: Unarmed           |    89 |   230 ||   319
       Headbutt          |     8 |    26 ||    34
       Punch             |     1 |       ||     1
Invok: Curse Item        |       |     2 ||     2
  Use: Scroll            |       |     7 ||     7
  Eat: Chunk             |     1 |     6 ||     7
Armor: Ring mail         |    31 |    77 ||   108
       Robe              |     2 |       ||     2
Dodge: Dodged            |    67 |   115 ||   182

Vault maps used:
D:1:      lightli_arrival_noodles
D:2:      minmay_misc_feat_enclosed, minmay_heptomino_w4, uniq_sigmund
D:3:      grunt_temple_overflow_opulence, chequers_ecumenical_altar_lobes,
          xom_teletrap_fun
D:4:      first_ration, kennysheep_generic_room_3
